 Dungeon Crawl Stone Soup version 0.26-a0-812-g31a745ddcd (webtiles) character file.

Game seed: 16552246865992705614

132688 lorenzova the Eclecticist (level 16, -11/87 HPs)
             Began as a Deep Elf Conjurer on Dec 6, 2020.
             Was the Champion of Vehumet.
             Mangled by an eight-headed hydra (14 damage)
             ... on level 4 of the Swamp on Dec 7, 2020.
             The game lasted 01:42:06 (35214 turns).

lorenzova the Eclecticist (Deep Elf Conjurer)      Turns: 35214, Time: 01:42:07

Health: -11/87     AC: 15    Str: 11    XL:     16   Next: 58%
Magic:  36/51      EV: 11    Int: 31    God:    Vehumet [******]
Gold:   1966       SH:  5    Dex: 23    Spells: 17/56 levels left

rFire    + . .     SeeInvis .   x - staff of conjuration
rCold    + + .     Faith    .   j - +1 buckler {rN+}
rNeg     + + +     Spirit   .   D - +1 ring mail "Ralos" {rN+}
rPois    +         Reflect  .   i - +1 helmet of Gozag's Reproof {rPois rF+ Dex+10 Stlth-}
rElec    .         Harm     .   r - +1 cloak
rCorr    .         Rampage  .   T - +2 pair of gloves {Str+3}
MR       ++++.     Clarity  +   o - +0 pair of boots
Stlth    +.........             M - amulet of the Four Winds {rN+ MR+++ Clar}
HPRegen  0.24/turn              S - ring of magical power
MPRegen  0.32/turn              K - ring of Zulucyrchoc {Wiz rC++ Str+4}

@: lethally poisoned (-11 -> -11), about to teleport, studying 3 skills, very
slow
A: no striking features
a: Renounce Religion


You were on level 4 of the Swamp.
You worshipped Vehumet.
Vehumet was exalted by your worship.
You visited 6 branches of the dungeon, and saw 26 of its levels.
You also visited: Bailey.

You collected 2938 gold pieces.
You spent 972 gold pieces at shops.

Inventory:

Hand Weapons
 a - the +4 rapier of a bazaar {vorpal, rF+}
   (You found it on level 12 of the Dungeon)

   It inflicts extra damage upon your enemies.
   It protects you from fire.
Armour
 e - a +2 robe of resistance
 i - the +1 helmet of Gozag's Reproof (worn) {rPois rF+ Dex+10 Stlth-}
   (You found it on level 5 of the Dungeon)

   It affects your dexterity (+10).
   It protects you from fire.
   It protects you from poison.
   It makes you less stealthy.
 j - a +1 buckler of positive energy (worn)
 o - a +0 pair of boots (worn)
 r - a +1 cloak (worn)
 u - a +1 ring mail of magic resistance
 D - the +1 ring mail "Ralos" (worn) {rN+}
   (You bought it in a shop on level 2 of the Orcish Mines)

   It protects you from negative energy.
 T - a +2 pair of gloves of strength (worn)
Magical Staves
 x - an uncursed staff of conjuration (weapon)
 X - an uncursed staff of fire
Jewellery
 f - a +6 ring of intelligence
 m - an uncursed amulet of reflection
 n - a cursed amulet of inaccuracy {unknown}
 B - an uncursed ring of see invisible
 K - the ring of Zulucyrchoc (right hand) {Wiz rC++ Str+4}
   (You took it off a big kobold on level 9 of the Dungeon)

   [ring of wizardry]

   It improves your spell success rate.
   It affects your strength (+4).
   It greatly protects you from cold.
 M - the amulet of the Four Winds (around neck) {rN+ MR+++ Clar}
   (You found it on level 4 of the Lair of Beasts)

   [amulet of nothing]

   It protects you from negative energy.
   It affects your resistance to hostile enchantments.
   It protects you against confusion.
 S - a ring of magical power (left hand)
Wands
 C - a wand of digging (25)
 R - a wand of acid (25)
Scrolls
 c - 6 scrolls of enchant armour
 g - 3 scrolls of magic mapping
 k - 4 scrolls of fog
 p - 7 scrolls of amnesia
 q - 3 scrolls of teleportation
 y - 4 scrolls of enchant weapon
 A - 9 scrolls of remove curse
 F - 3 scrolls of holy word
 L - a scroll of blinking
Potions
 b - 4 potions of heal wounds
 h - a potion of curing
 l - 2 potions of berserk rage
 s - 4 potions of haste
 t - a potion of magic
 v - 2 potions of mutation
 w - 4 potions of brilliance
 z - a potion of resistance
 J - 5 potions of lignification {unknown}
 N - 3 potions of invisibility
 P - 2 potions of cancellation {unknown}
 V - a potion of ambrosia {unknown}
 Z - a potion of flight {unknown}
Books
 H - a manual of Fighting
 I - a manual of
Armour
 O - a manual of Translocations


   Skills:
 + Level 5.0 Fighting
 + Level 4.8 Armour
 - Level 2.4 Dodging
 - Level 2.4 Stealth
 * Level 20.7 Spellcasting
 * Level 18.2 Conjurations
 - Level 9.0 Hexes
 - Level 6.0 Translocations
 * Level 14.5 Fire Magic
 * Level 5.9 Air Magic


You had 17 spell levels left.
You knew the following spells:

 Your Spells              Type           Power        Failure   Level
a - Magic Dart            Conj           ####         0%          1
b - Searing Ray           Conj           ######       0%          2
c - Iskenderun's Mystic   Conj/Tloc      ########     1%          4
d - Fulminant Prism       Conj/Hex       ########..   1%          4
f - Fireball              Conj/Fire      ########..   1%          5
l - Lightning Bolt        Conj/Air       ########..   1%          5
m - Iskenderun's Battles  Conj           ########     1%          5
o - Orb of Destruction    Conj           ########..   1%          7
p - Blink                 Tloc           N/A          1%          2
s - Sticky Flame          Conj/Fire      ########     1%          4

Your spell library contained the following spells:

 Spells                   Type           Power        Failure   Level
 Conjure Ball Lightning   Conj/Air       ########..   1%          6
 Foxfire                  Conj/Fire      ####         0%          1
 Conjure Flame            Conj/Fire      ########     0%          3
 Animate Skeleton         Necr           ####..       1%          1
 Apportation              Tloc           ######       1%          1
 Corona                   Hex            ######.      1%          1
 Summon Small Mammal      Summ           ####         1%          1
 Ensorcelled Hibernation  Hex/Ice        ######       1%          2
 Slow                     Hex            ######..     1%          2
 Confusing Touch          Hex            ######..     1%          3
 Dazzling Flash           Conj/Hex       ######       1%          3
 Inner Flame              Hex/Fire       #######.     1%          3
 Mephitic Cloud           Conj/Pois/Air  #######.     1%          3
 Stone Arrow              Conj/Erth      ######       1%          3
 Tukima's Dance           Hex            ######..     1%          3
 Bolt of Magma            Conj/Fire/Erth #######...   1%          5
 Irradiate                Conj/Tmut      #######...   1%          5
 Iron Shot                Conj/Erth      #######...   1%          6
 Starburst                Conj/Fire      ########..   1%          6
 Call Imp                 Summ           ####....     2%          2
 Summon Mana Viper        Hex/Summ       ######..     7%          5
 Spellforged Servitor     Conj/Summ      #######...   10%         7
 Summon Forest            Summ/Tloc      ######....   13%         5
 Animate Dead             Necr           ####......   16%         4
 Borgnjor's Vile Clutch   Necr/Erth      ####......   38%         5
 Summon Demon             Summ           ####......   38%         5
 Death Channel            Necr           ####......   91%         6
 Hydra Form               Tmut           ####......   91%         6
 Shadow Creatures         Summ           N/A          91%         6
 Simulacrum               Ice/Necr       ####......   91%         6
 Statue Form              Tmut/Erth      ####.....    91%         6
 Dragon Form              Tmut           ####......   100%        7
 Summon Hydra             Summ           ####......   100%        7


Dungeon Overview and Level Annotations

Branches:
Dungeon (12/15)            Temple (1/1) D:6            Lair (6/6) D:10
  Swamp (4/4) Lair:3       Spider (0/4) Lair:3        Slime (0/5) Lair:5
    Orc (2/2) D:9             Elf (1/3) Orc:2        Bailey (visited)

Altars:
Ashenzari
Cheibriados
Elyvilon
Fedhas
Gozag
Makhleb
Nemelex Xobeh
Okawaru
Ru
Sif Muna
Trog
Uskayaw
Vehumet
Wu Jian
Xom
Yredelemnul
Zin
The Shining One
Beogh
Jiyva

Shops:
D:5 [   D:7 [   D:10 (   Orc:2 :[(*(([*

Annotations:
D:4 3 runed translucent doors, MoonlitKnight's ghost, amateur HOMo
Lair:5 1 runed translucent door, Bofex's ghost, journeyman OpTm
Swamp:3 3 runed translucent doors, MoonlitKnight's ghost, adept HOMo


Message History

The four-headed hydra is engulfed in a cloud of scalding steam.
Casting: Blink (safe; 1% risk of failure)
Confirm with . or Enter, or press ? or * to list all spells.
You blink.
Splash!
The bunyip barely misses your battlesphere.
The bunyip claws your battlesphere!!
Your battlesphere is destroyed!
The swamp drake breathes poison at you.
The noxious blast engulfs you but does no damage.
You resist. The eight-headed hydra bites you. The eight-headed hydra bites you!
* * * LOW HITPOINT WARNING * * *
The eight-headed hydra bites you.
* * * LOW HITPOINT WARNING * * *
The eight-headed hydra bites you!
* * * LOW HITPOINT WARNING * * *
The eight-headed hydra bites you!
* * * LOW HITPOINT WARNING * * *
The eight-headed hydra bites you!
You die...

♣.§§§.≈≈.... .≈≈≈°.≈
♣☼≈○............ ≈...≈..
♣♣○○x≈D...§..≈... ..D...≈
♣°°○D☼≈...≈...... ...≈≈.§
♣○°D≈§..[≈≈...... .....≈.
♣○°°DD..≈...≈.... .......
♣≈°○D≈○D○.≈○≈.... ......
♣♣..k..D○○D≈..... ♣......
♣♣...≈.○@○○≈.... ......
♣≈..≈≈≈○○§.....♣♣♣......
♣♣..≈≈○..D≈........$....
♣...≈≈.....≈............
♣.........≈≈.......≈...≈.
♣.......≈..≈.......≈..≈..
♣♣≈.♣≈≈....≈....○≈..[.≈..
♣...♣≈≈....≈.≈...Di.....≈
♣♣≈♣°.≈≈..≈.≈○*○○○.D.≈..D


You could see a bunyip, an eight-headed hydra, a six-headed hydra, 3 four-headed
hydras, 5 swamp dragons and a swamp drake (catching breath).

Vanquished Creatures
  Jorgrun (Swamp:3)
  Gastronok (D:11)
  A thorn hunter (Swamp:1)
  A fenstrider witch (Swamp:2)
  An orc warlord (Orc:2)
  2 entropy weavers (Lair:5)
  Nessos (Orc:2)
  Azrael (Orc:2)
  5 bunyips
  8 eleionomae
  16 hydras
  4 ghost crabs
  Harold (D:10)
  7 alligators
  A two-headed ogre (D:9)
  3 dancing weapons
  A tengu warrior (Swamp:2)
  A queen ant (Lair:5)
  4 death yaks (Lair:5)
  8 goliath frogs
  2 orc high priests
  Sonja (D:12)
  A spriggan druid (Swamp:4)
  4 swamp dragons
  A bog body (Swamp:1)
  A deep elf archer (Elf:1)
  A lindwurm (Lair:6)
  6 orc knights
  4 ugly things
  2 orc sorcerers (Orc:2)
  4 will-o-the-wisps
  3 cyclopes
  2 oklob plants (Lair:3)
  5 deep elf magi (Elf:1)
  An ice statue (D:11)
  5 black mambas
  13 elephants
  A torpor snail (Lair:3)
  A gargoyle (D:10)
  16 cane toads
  A rime drake (Lair:1)
  6 komodo dragons
  A tengu conjurer (Swamp:2)
  2 bloated husks
  5 trolls
  6 polar bears
  7 tyrant leeches
  13 hornets
  A polar bear (shapeshifter) (D:10)
  4 dream sheep (Lair:6)
  30 blink frogs
  22 spriggans
  2 wraiths
  3 fire elementals (Orc:2)
  4 basilisks
  4 wyverns
  64 yaks
  A vampire mosquito (D:9)
  Edmund (D:6)
  A steam dragon (D:7)
  Menkaure (D:6)
  3 wargs
  19 soldier ants
  13 swamp worms
  4 hell hounds (Orc:2)
  An acid dragon (D:9)
  17 water moccasins
  3 swamp drakes
  41 orc warriors
  2 ice beasts (D:12)
  2 sky beasts
  7 black bears
  3 necrophages
  2 eyes of draining
  A phantom (D:9)
  12 ogres
  5 boggarts (Lair:6)
  5 centaurs
  35 wolves
  A big kobold (D:9)
  13 bullfrogs
  A wyvern zombie (D:9)
  4 scorpions
  9 killer bees
  7 wights
  12 howler monkeys
  6 electric eels
  A bullfrog zombie (D:9)
  11 hounds
  3 jellies
  26 orc priests
  3 bullfrog skeletons
  A gnoll shaman (D:4)
  3 centaur skeletons
  4 iguanas
  Natasha (thrice) (D:2)
  31 orc wizards
  34 worker ants
  A killer bee zombie (D:8)
  A hound zombie (D:7)
  2 worker ant zombies
  9 gnolls
  22 adders
  3 shadow imps
  2 ufetubi
  2 oozes
  An adder skeleton (D:9)
  A worm (D:2)
  3 dart slugs
  3 leopard geckos
  97 orcs
  2 ball pythons
  8 giant cockroaches
  9 goblins
  10 hobgoblins
  19 jackals
  8 kobolds
  4 quokkas
  8 bats
  4 frilled lizards
  A quokka skeleton (D:6)
  7 rats
896 creatures vanquished.

Vanquished Creatures (collateral kills)
  A swamp dragon (Swamp:4)
1 creature vanquished.

Vanquished Creatures (others)
  A hornet (Swamp:1)
  A spriggan (Swamp:4)
  2 foxfires (Swamp:1)
  94 fulminant prisms
  68 fungi
  71 plants
  3 toadstools (D:6)
240 creatures vanquished.

Grand Total: 1137 creatures vanquished

Notes
Turn   | Place    | Note
-------+----------+-------------------------------------------
     0 | D:1      | lorenzova the Deep Elf Conjurer began the quest for the
                  | Orb.
     0 | D:1      | Reached XP level 1. HP: 10/10 MP: 6/6
   437 | D:1      | Reached XP level 2. HP: 15/15 MP: 3/8
   441 | D:1      | Learned a level 2 spell: Searing Ray
  1258 | D:2      | Reached skill level 4 in Spellcasting
  1334 | D:2      | Reached skill level 5 in Conjurations
  1334 | D:2      | Reached XP level 3. HP: 19/19 MP: 8/10
  1605 | D:2      | Noticed Natasha
  1605 | D:2      | You fall into a shaft and drop 1 floor!
  1698 | D:3      | Found a shimmering blue altar of Sif Muna.
  1701 | D:3      | Found a white marble altar of Elyvilon.
  1764 | D:3      | Found a basalt altar of Yredelemnul.
  1895 | D:3      | Reached XP level 4. HP: 24/24 MP: 4/12
  2684 | D:2      | Reached skill level 5 in Spellcasting
  2878 | D:2      | Killed Natasha
  2878 | D:2      | Reached XP level 5. HP: 16/28 MP: 8/14
  3162 | D:2      | Found an iron altar of Okawaru.
  3327 | D:2      | Noticed Natasha
  3330 | D:2      | Killed Natasha
  3510 | D:2      | Noticed Natasha
  3516 | D:2      | Killed Natasha
  3516 | D:2      | Reached skill level 6 in Spellcasting
  3562 | D:2      | Found a glowing golden altar of the Shining One.
  3789 | D:4      | Noticed an ice beast
  3789 | D:4      | Noticed MoonlitKnight's ghost (amateur HOMo)
  3859 | D:4      | Found a glowing silver altar of Zin.
  3862 | D:4      | Reached XP level 6. HP: 32/32 MP: 12/17
  3999 | D:4      | Found a hide-covered altar of Uskayaw.
  4227 | D:4      | Found a runed translucent gate.
  4236 | D:4      | Found a runed translucent gate.
  4236 | D:4      | Found a runed translucent gate.
  4396 | D:4      | Reached skill level 7 in Spellcasting
  4650 | D:4      | Found an opulent altar of Gozag.
  5000 | D:5      | Entered Level 5 of the Dungeon
  5002 | D:5      | Reached XP level 7. HP: 36/36 MP: 17/20
  5009 | D:5      | Learned a level 4 spell: Iskenderun's Mystic Blast
  5014 | D:5      | Learned a level 4 spell: Fulminant Prism
  5103 | D:5      | Reached skill level 1 in Hexes
  5111 | D:5      | Reached skill level 8 in Spellcasting
  5111 | D:5      | Reached skill level 1 in Translocations
  5220 | D:5      | Got a translucent helmet
  5238 | D:5      | Found Luirij's Antique Armour Shoppe.
  5624 | D:5      | Reached XP level 8. HP: 41/41 MP: 18/22
  5976 | D:5      | Reached skill level 9 in Spellcasting
  6072 | D:5      | You fall into a shaft and drop 1 floor!
  6110 | D:5      | Found a sacrificial altar of Ru.
  6149 | D:6      | Identified the +1 helmet of Gozag's Reproof {rPois rF+
                  | Dex+10 Stlth-} (You found it on level 5 of the Dungeon)
  6196 | D:6      | Found a shimmering blue altar of Sif Muna.
  6210 | D:6      | Found a staircase to the Ecumenical Temple.
  6222 | Temple   | Entered the Ecumenical Temple
  6319 | Temple   | Became a worshipper of Vehumet
  6551 | D:6      | Noticed Edmund
  6558 | D:6      | Killed Edmund
  6936 | D:6      | Reached skill level 10 in Spellcasting
  7020 | D:6      | Noticed Menkaure
  7026 | D:6      | Killed Menkaure
  7180 | D:7      | Reached XP level 9. HP: 45/45 MP: 22/25
  7197 | D:7      | Reached * piety under Vehumet
  7197 | D:7      | Offered knowledge of Freeze by Vehumet.
  7497 | D:7      | Reached skill level 5 in Hexes
  7580 | D:7      | Found Iniawo's Antique Armour Boutique.
  7589 | D:7      | Found a bloodstained altar of Trog.
  7744 | D:7      | Found a blossoming altar of Fedhas.
  7931 | D:8      | Reached skill level 11 in Spellcasting
  7973 | D:8      | Reached skill level 10 in Conjurations
  8203 | D:8      | Reached ** piety under Vehumet
  8246 | D:8      | Offered knowledge of Sandblast by Vehumet.
  8312 | D:8      | Reached skill level 5 in Translocations
  8534 | D:8      | Reached XP level 10. HP: 36/50 MP: 19/27
  9157 | D:9      | Reached skill level 12 in Spellcasting
  9279 | D:9      | Offered knowledge of Static Discharge by Vehumet.
  9485 | D:9      | Reached *** piety under Vehumet
  9487 | D:9      | Identified the +3 troll leather armour "Igryxit" {+Fly
                  | Regen+}
  9487 | D:9      | Identified the ring of Zulucyrchoc {Wiz rC++ Str+4}
  9509 | D:9      | Noticed a two-headed ogre
  9670 | D:9      | Found a flagged portal.
  9682 | D:9      | Offered knowledge of Ignite Poison by Vehumet.
  9683 | D:9      | Reached skill level 13 in Spellcasting
  9684 | D:9      | Killed a two-headed ogre
  9686 | D:9      | Found a staircase to the Orcish Mines.
  9694 | Bailey   | Entered a bailey
 10742 | Bailey   | Reached XP level 11. HP: 54/54 MP: 25/30
 11060 | Bailey   | Noticed an orc knight
 11075 | Bailey   | Killed an orc knight
 11288 | D:9      | Reached **** piety under Vehumet
 11580 | D:9      | Noticed a brown ugly thing
 11626 | D:9      | Killed a brown ugly thing
 12067 | D:9      | Learned a level 4 spell: Sticky Flame
 12073 | D:9      | Learned a level 5 spell: Fireball
 12111 | D:10     | Entered Level 10 of the Dungeon
 12274 | D:10     | Offered knowledge of Hailstorm by Vehumet.
 12274 | D:10     | Reached skill level 14 in Spellcasting
 12580 | D:10     | Reached skill level 1 in Fire Magic
 13389 | D:10     | Noticed Harold
 13426 | D:10     | Killed Harold
 13611 | D:10     | Found a staircase to the Lair.
 13755 | D:10     | Found Xiuposm's Antique Weapon Shop.
 14283 | D:11     | Reached ***** piety under Vehumet
 14642 | D:11     | Offered knowledge of Starburst by Vehumet.
 14825 | D:11     | Reached skill level 15 in Spellcasting
 14825 | D:11     | Reached skill level 5 in Fire Magic
 14833 | D:11     | Reached XP level 12. HP: 59/59 MP: 16/33
 15654 | D:11     | Noticed Gastronok
 15704 | D:11     | Killed Gastronok
 16404 | D:12     | Noticed Sonja
 16407 | D:12     | Killed Sonja
 16703 | D:12     | Got a pitted rapier
 16755 | D:12     | Identified the +4 rapier of a bazaar {vorpal, rF+} (You
                  | found it on level 12 of the Dungeon)
 16820 | Lair:1   | Entered Level 1 of the Lair of Beasts
 16984 | Lair:1   | Reached skill level 16 in Spellcasting
 18275 | Lair:1   | Learned a level 2 spell: Blink
 18421 | Lair:2   | Noticed a six-headed hydra
 18424 | Lair:2   | Killed a six-headed hydra
 18765 | Lair:2   | Reached XP level 13. HP: 63/63 MP: 24/35
 19729 | Lair:3   | Found a hole to the Spider Nest.
 20265 | Lair:3   | Found a staircase to the Swamp.
 20474 | Lair:3   | Reached skill level 17 in Spellcasting
 20474 | Lair:3   | Reached skill level 15 in Conjurations
 20587 | Lair:3   | Learned a level 5 spell: Iskenderun's Battlesphere
 20595 | Lair:3   | Learned a level 7 spell: Orb of Destruction
 20780 | Lair:4   | Offered knowledge of Lee's Rapid Deconstruction by Vehumet.
 21492 | Lair:4   | Found the amulet of the Four Winds {rN+ MR+++ Clar}
 22081 | Lair:5   | Reached skill level 10 in Fire Magic
 22082 | Lair:5   | Found a runed translucent door.
 22082 | Lair:5   | Noticed Bofex's ghost (journeyman OpTm)
 22334 | Lair:5   | Noticed an entropy weaver
 22336 | Lair:5   | Killed an entropy weaver
 22530 | Lair:5   | Noticed an entropy weaver
 22533 | Lair:5   | Killed an entropy weaver
 22628 | Lair:5   | Reached XP level 14. HP: 68/68 MP: 13/37
 22637 | Lair:5   | Reached skill level 18 in Spellcasting
 23570 | Lair:5   | Found a viscous altar of Jiyva.
 23570 | Lair:5   | Found a staircase to the Slime Pits.
 24091 | Lair:6   | Entered Level 6 of the Lair of Beasts
 24524 | Lair:6   | Offered knowledge of Ozocubu's Refrigeration by Vehumet.
 25213 | Lair:6   | Reached skill level 19 in Spellcasting
 26576 | Orc:1    | Entered Level 1 of the Orcish Mines
 26580 | Orc:1    | Offered knowledge of Lightning Bolt by Vehumet.
 26827 | Orc:1    | Reached ****** piety under Vehumet
 26853 | Orc:1    | Reached XP level 15. HP: 68/72 MP: 22/40
 27601 | Orc:2    | Entered Level 2 of the Orcish Mines
 27601 | Orc:2    | Found Witiuka's Antique Weapon Shoppe.
 27602 | Orc:2    | Noticed Nessos
 27936 | Orc:2    | Killed Nessos
 28286 | Orc:2    | Noticed an orc warlord
 28290 | Orc:2    | Killed an orc warlord
 28308 | Orc:2    | Noticed Azrael
 28317 | Orc:2    | Killed Azrael
 28887 | Orc:2    | Found a roughly hewn altar of Beogh.
 29051 | Orc:2    | Found Uppoecw's Antique Weapon Emporium.
 29052 | Orc:2    | Found a staircase to the Elven Halls.
 29108 | Orc:2    | Found Uphadd's Antique Armour Emporium.
 29116 | Orc:2    | Offered knowledge of Freezing Cloud by Vehumet.
 29136 | Orc:2    | Found Plog's Book Emporium.
 29198 | Orc:2    | Found Rila's Antique Armour Shoppe.
 29213 | Orc:2    | Found Dusyray's General Store.
 29306 | Orc:2    | Found Yrghabodo's Weapon Shop.
 29327 | Orc:2    | Found a roughly hewn altar of Beogh.
 29363 | Orc:2    | Found Ellaykh's General Store.
 29369 | Orc:2    | Bought a scroll of teleportation for 36 gold pieces
 29369 | Orc:2    | Bought a scroll of identify for 24 gold pieces
 29494 | Orc:2    | Identified a scroll of acquirement
 29494 | Orc:2    | Acquired the Papyrus of Confrontation
 29502 | Orc:2    | Learned a level 5 spell: Lightning Bolt
 29710 | Orc:2    | Bought a runed scarf for 224 gold pieces
 29710 | Orc:2    | Bought a runed cloak for 210 gold pieces
 29792 | Orc:2    | Bought a brightly glowing ring mail for 261 gold pieces
 29792 | Orc:2    | Bought a pair of embroidered gloves for 217 gold pieces
 29804 | Elf:1    | Entered Level 1 of the Elven Halls
 29815 | Orc:2    | Reached skill level 1 in Air Magic
 30125 | Elf:1    | Reached skill level 1 in Fighting
 30125 | Elf:1    | Reached skill level 1 in Armour
 30544 | Swamp:1  | Entered Level 1 of the Swamp
 30544 | Swamp:1  | Noticed a thorn hunter
 30547 | Swamp:1  | Killed a thorn hunter
 31207 | Swamp:1  | Reached skill level 20 in Spellcasting
 31375 | Swamp:1  | Acquired a +1 buckler of positive energy
 31403 | Swamp:1  | Identified the +1 ring mail "Ralos" {rN+} (You bought it in
                  | a shop on level 2 of the Orcish Mines)
 32565 | Swamp:2  | Noticed a fenstrider witch
 32568 | Swamp:2  | Killed a fenstrider witch
 32636 | Swamp:2  | Reached XP level 16. HP: 84/84 MP: 42/42
 32868 | Swamp:2  | Offered knowledge of Conjure Ball Lightning by Vehumet.
 33311 | Swamp:3  | Reached skill level 5 in Air Magic
 34280 | Swamp:3  | Noticed Jorgrun
 34284 | Swamp:3  | Killed Jorgrun
 34481 | Swamp:3  | Found a runed translucent gate.
 34481 | Swamp:3  | Found a runed translucent gate.
 34481 | Swamp:3  | Found a runed translucent gate.
 34483 | Swamp:3  | Noticed MoonlitKnight's ghost (adept HOMo)
 34801 | Swamp:4  | Entered Level 4 of the Swamp
 35175 | Swamp:4  | Reached skill level 5 in Fighting
 35214 | Swamp:4  | HP: 3/87 [eight-headed hydra (10)]
 35214 | Swamp:4  | Mangled by an eight-headed hydra

Illustrated notes

Levels and vault maps discovered:
D:1:      dpeg_arrival_brainrot, layout_basic, grunt_decor_one_mirror,
          minmay_tetromino_o4
D:2:      layout_loops_ring, tso_oasis_becter, okawaru_altar_gauntlet_db,
          uniq_natasha
D:3:      layout_basic, gammafunk_temple_overflow_forgotten, minmay_fountain_box
D:4:      layout_loops_corners, eat_drink_and_be_merry_uskayaw,
          nicolae_gozag_seed_capital, gammafunk_ghost_icy, lemuel_tele_altar
D:5:      layout_cave_pools, nicolae_overflow_hidden_temple, serial_shops, shop,
          kennysheep_generic_room_2
D:6:      layout_rooms, minmay_temple_entry_sparse_star, basic_altar,
          minmay_gold_behind_fungi, corexii_hall_statues_i, kennysheep_donut,
          minmay_a_box_with_orc_wizards_in_it, uniq_menkaure, uniq_edmund
D:7:      layout_rooms, kennysheep_mini, trog_ov_bears_minmay, serial_shops,
          shop
D:8:      layout_loops_cross
D:9:      minmay_the_grid_triangle_9x9_rhombus_thin_mashed
          [minmay_the_grid_triangle_9x9_wacky_v,
          minmay_the_grid_triangle_9x9_prize_center,
          minmay_the_grid_triangle_9x9_intruding_spiral,
          minmay_the_grid_triangle_9x9_checkered], layout_cave_pools,
          orc_0_dummy, enter_bailey_2
D:10:     layout_loops_ring, erik_lair_island, serial_shops, shop,
          corexii_checkpoint_b, uniq_harold
D:11:     minmay_statue_hallways, layout_basic, uniq_gastronok
D:12:     layout_rooms, uniq_sonja
Temple:   hc_temple_tempest_star
Lair:1:   layout_hall_layers, grunt_megastairs_3, infiniplex_staircase_pool_2
Lair:2:   layout_small_grid
Lair:3:   layout_chaotic_city, swamp_mist, dummy_spider_entry,
          minmay_lair_oklob_chamber
Lair:4:   layout_regular_city, serial_bayou_shore_a
Lair:5:   layout_loops_ring, dpeg_slime_entry_enclosed_altar,
          gauntlet_entry_generic, hellmonk_ghost_happy_afterlife, zaba_anthell,
          infiniplex_staircase_pool, grunt_megastairs_1
Lair:6:   minmay_lair_end_enchanted_forest, layout_gridlike, st_stairs_6
Swamp:1:  layout_basic_swamp, evilmike_swamp_ruin_house_1,
          grunt_lady_of_the_lake
Swamp:2:  layout_basic_swamp, hangedman_swamp_diagram, kb_tengu_band
Swamp:3:  layout_falls_marsh, gammafunk_ghost_split,
          nicolae_swamp_dense_foliage, swamp_pool4, water_boxes_lemuel,
          uniq_jorgrun
Swamp:4:  swamp_basic_johnstein, layout_basic_swamp,
          nicolae_swamp_round_clearing
Orc:1:    layout_caves, nicolae_orc_stony_grotto, abandoned_shop
Orc:2:    grunt_orc_cross, layout_diamond_mine, serial_shops, shop, shop_statue,
          shop, shop, basic_altar, uniq_nessos, uniq_azrael
Elf:1:    eino_elf_arrival_shootout, layout_loops_cross, minmay_elf_demonology,
          kilobyte_rumbling_trees

Skill      XL: |  1  2  3  4  5  6  7  8  9 10 11 12 13 14 15 16 |
---------------+-------------------------------------------------+-----
Spellcasting   | 4 5 6 7 8 10 11 13 15 16 17 19 20 | 20.7
Conjurations   | 5 6 7 8 9 10 12 13 14 15 17 18 | 18.2
Hexes          | 2 4 6 8 9 |  9.0
Translocations | 1 3 5 6 |  6.0
Fire Magic     | 5 8 10 12 14 | 14.5
Air Magic      | 4 5 |  5.9
Fighting       | 3 5 |  5.0
Armour         | 3 4 |  4.8
Dodging        | |  2.4
Stealth        | |  2.4

Action                   |  1- 3 |  4- 6 |  7- 9 | 10-12 | 13-15 | 16-18 || total
-------------------------+-------+-------+-------+-------+-------+-------++-------
Melee: Unarmed           |       |       |     2 |       |       |       ||     2
       Dagger            |       |       |       |     6 |       |       ||     6
 Cast: Magic Dart        |    71 |    92 |   109 |    99 |   197 |    14 ||   582
       Searing Ray       |     2 |    20 |    58 |    73 |     1 |       ||   154
       Fulminant Prism   |       |       |    14 |    57 |    23 |       ||    94
       Iskenderun's Myst |       |       |     7 |    67 |    78 |    20 ||   172
       Fireball          |       |       |       |    96 |   273 |    71 ||   440
       Sticky Flame      |       |       |       |     7 |     9 |       ||    16
       Iskenderun's Batt |       |       |       |       |    73 |    10 ||    83
       Orb of Destructio |       |       |       |       |     3 |     2 ||     5
       Blink             |       |       |       |       |       |     3 ||     3
  Use: Scroll            |       |     8 |     2 |     8 |    17 |    15 ||    50
       Potion            |       |       |       |       |       |     2 ||     2
Armor: Robe              |       |     8 |     7 |    16 |     2 |       ||    33
       Ring mail         |       |       |       |       |     4 |    13 ||    17
Dodge: Dodged            |     7 |    18 |    11 |    59 |    18 |    12 ||   125
Block: Other             |       |     1 |     1 |    25 |     1 |       ||    28
       Reflection        |       |       |       |     8 |       |       ||     8
       Buckler           |       |       |       |       |     1 |     3 ||     4

Table legend: (Time is in decaauts)
 A = Elapsed time spent in this place.
 B = Non-inter-level travel time spent in this place.
 C = Inter-level travel time spent in this place.
 D = Time resting spent in this place.
 E = Time spent auto-exploring this place.
 F = Levels seen in this place.
 G = Mean time per level.
                   A        B        C        D        E       F      G
               +--------+--------+--------+--------+--------+-----+--------+
         Total |  35460 |  34002 |   1458 |  15511 |  14437 |  27 | 1313.3 |
       Dungeon |  15559 |  14911 |    648 |   6079 |   6998 |  12 | 1296.6 |
        Temple |    111 |    100 |     11 |      0 |     92 |   1 |  111.0 |
          Lair |   9869 |   9327 |    542 |   4211 |   4191 |   6 | 1644.8 |
         Swamp |   4863 |   4803 |     60 |   2454 |   1787 |   4 | 1215.8 |
  Orcish Mines |   3218 |   3054 |    164 |   1555 |   1092 |   2 | 1609.0 |
   Elven Halls |    287 |    257 |     30 |    165 |     64 |   1 |  287.0 |
        Bailey |   1550 |   1550 |      0 |   1047 |    212 |   1 | 1550.0 |
               +--------+--------+--------+--------+--------+-----+--------+

Top non-repeatable levels by time:
  Lair:5: 2296 daAuts
   Orc:2: 1996 daAuts
  Lair:6: 1899 daAuts
     D:9: 1865 daAuts
  Lair:4: 1846 daAuts
    D:10: 1700 daAuts
    D:11: 1688 daAuts
     D:8: 1654 daAuts
 Swamp:1: 1627 daAuts
 Swamp:3: 1604 daAuts
  Bailey: 1550 daAuts
     D:4: 1402 daAuts
  Lair:1: 1377 daAuts
  Lair:2: 1323 daAuts
     D:2: 1309 daAuts
